 Dungeon Crawl Stone Soup version 0.31-a0-986-g5e6e4ef867 (webtiles) character file.

Game seed: 11846240339686861831

499 jestert79 the Cruncher (level 7, -2/51 HPs)
             Began as a Gnoll Wanderer on Nov 20, 2023.
             Slain by an orc wizard
             ... wielding a +3 dagger
              (4 damage)
             ... on level 4 of the Dungeon.
             The game lasted 00:09:26 (3150 turns).

jestert79 the Cruncher (Gnoll Wanderer)             Turns: 3150, Time: 00:09:27

Health: -2/51      AC:  2    Str: 10    XL:     7   Next: 16%
Magic:  12/12      EV:  9    Int: 20    God:
Gold:   153        SH:  0    Dex: 12    Spells: 9/13 levels left

rFire   . . .        a - +3 quarterstaff
rCold   . . .        (shield currently unavailable)
rNeg    . . .        j - +0 scale mail
rPois   .            (no helmet)
rElec   .            s - +1 cloak
rCorr   .            l - +0 pair of gloves
SInv    .            (no boots)
Will    .....        (no amulet)
Stlth   +            r - +6 ring of intelligence
HPRegen 0.28/turn    (no ring)
MPRegen 0.13/turn

%: no passive effects
@: corroded
A: fangs 1, strong nose, distributed training
a: no special abilities


You were on level 4 of the Dungeon.
You visited 1 branch of the dungeon, and saw 4 of its levels.
You also visited: Sewer.

You collected 216 gold pieces.
You spent 63 gold pieces at shops.

Inventory:

Hand Weapons
 a - a +3 quarterstaff (weapon)
 b - a +0 sling
Armour
 j - a +0 scale mail (worn)
 l - a +0 pair of gloves (worn)
 s - a +1 cloak (worn)
Magical Staves
 f - a staff of fire
Jewellery
 r - a +6 ring of intelligence (left hand)
Talismans
 p - a blade talisman
 q - a flux talisman
Wands
 c - a wand of acid (4)
 n - a wand of roots (8)
Scrolls
 e - a scroll of amnesia {unknown}
 h - 2 scrolls of enchant armour {unknown}
 k - a scroll of identify
Potions
 d - a potion of brilliance {unknown}
 g - 2 potions of haste {unknown}
 i - a potion of heal wounds {unknown}
 m - a potion of attraction
 o - a potion of curing {unknown}


   Skills:
 + Level 2.3 Fighting
 + Level 2.3 Short Blades
 + Level 2.3 Long Blades
 + Level 2.3 Axes
 + Level 2.3 Maces & Flails
 + Level 2.3 Polearms
 + Level 8.9 Staves
 + Level 2.3 Ranged Weapons
 + Level 2.3 Throwing
 + Level 5.2 Armour
 + Level 2.3 Dodging
 + Level 3.3 Stealth
 + Level 2.3 Shields
 + Level 2.3 Unarmed Combat
 + Level 3.7 Spellcasting
 + Level 1.9 Conjurations
 + Level 4.2 Hexes
 + Level 1.9 Summonings
 + Level 1.9 Necromancy
 + Level 1.9 Translocations
 + Level 1.9 Transmutations
 + Level 1.9 Fire Magic
 + Level 1.9 Ice Magic
 + Level 1.9 Air Magic
 + Level 1.9 Earth Magic
 + Level 1.9 Poison Magic
 + Level 2.6 Invocations
 + Level 2.3 Evocations
 + Level 2.1 Shapeshifting


You had 9 spell levels left.
You knew the following spells:

 Your Spells              Type           Power      Damage    Failure   Level
a - Slow                  Hex            80%        N/A       13%         1
b - Call Canine Familiar  Summ           11%        N/A       71%         3

Your spell library contained the following spells:

 Spells                   Type           Power      Damage    Failure   Level
 Summon Small Mammal      Summ           44%        N/A       34%         1
 Lesser Beckoning         Tloc           22%        N/A       45%         2
 Inner Flame              Hex/Fire       16%        N/A       54%         3
 Summon Guardian Golem    Hex/Summ       16%        N/A       54%         3
 Gell's Gravitas          Tloc           11%        N/A       71%         3
 Ozocubu's Armour         Ice            11%        N/A       71%         3
 Teleport Other           Tloc           11%        N/A       71%         3
 Ozocubu's Refrigeration  Ice            5%         4d8       100%        7


Dungeon Overview and Level Annotations

Branches:
Dungeon (4/15)              Sewer (visited)
 Temple: D:4-7

Altars:
Dithmenos

Shops:
D:2 [

Annotations:
D:3 2 runed translucent doors, jestert79's ghost, amateur DjHW


Innate Abilities, Weirdness & Mutations

You have very sharp teeth.
Your uncanny sense of smell can sniff out nearby items.
Your experience applies equally to all skills.


Message History

The jelly quivers.
You hit the orc.
The orc is moderately wounded.
The orc hits you but does no damage. Something hits you but does no damage.
The hobgoblin hits you but does no damage.
You barely miss something. The orc barely misses you.
The hobgoblin hits you but does no damage.
Something hits you but does no damage.
You closely miss something. The orc barely misses you.
The hobgoblin hits you but does no damage.
Something hits you but does no damage.
You hit something. The orc hits you but does no damage.
The hobgoblin barely misses you. Something hits you but does no damage.
You miss something. You sock something! You bite something.
The orc completely misses you. Something hits you but does no damage.
The hobgoblin barely misses you.
You miss something. The orc hits you but does no damage.
The hobgoblin hits you but does no damage.
Something hits you but does no damage.
You barely miss something. The jelly hits you. The acid corrodes you!
You are splashed with acid!
The orc hits you with a +0 short sword. The hobgoblin hits you.
You hear some strange, mumbled words.
Something tries to affect you, but you resist.
You miss something. The jelly hits you.
You are splashed with acid!
The orc hits you but does no damage.
The hobgoblin hits you but does no damage.
You hear some strange, mumbled words.
Something tries to affect you, but you resist.
You miss something. The orc hits you but does no damage.
The hobgoblin closely misses you. The jelly misses you. Something hits you.
* * * LOW HITPOINT WARNING * * *
You miss something. The jelly hits you.
* * * LOW HITPOINT WARNING * * *
The acid corrodes you!
You are splashed with acid!
* * * LOW HITPOINT WARNING * * *
The orc hits you with a +0 short sword.
* * * LOW HITPOINT WARNING * * *
The hobgoblin barely misses you. Something hits you.
You die...

.............#
......>...........####
......................
....................#
.............!......##
..)..................##
...............{o......
..............J@g..#
...................## ∆
.........#..........#
######..##..........#
##.##..........#
#)##..........#
#.##..........#
#.###........## ∆∆
##..###.......#


You could see a jelly, an orc and a hobgoblin.

Vanquished Creatures
  A black bear (D:4)
  Pargi (Sewer)
  An ice beast (D:4)
  A hound (D:4)
  Ijyb (D:3)
  5 adders
  5 worms
  2 dart slugs
  11 orcs
  6 endoplasms
  3 giant cockroaches
  6 hobgoblins
  7 jackals (D:2)
  7 kobolds
  3 quokkas
  7 ball pythons
  8 bats
  9 frilled lizards
  5 goblins
  2 rats
91 creatures vanquished.

Notes
Turn   | Place    | Note
-------+----------+-------------------------------------------
     0 | D:1      | jestert79 the Gnoll Wanderer began the quest for the Orb.
     0 | D:1      | jestert79 set off with the following items: a +2
                  | quarterstaff, a +0 scale mail, a potion of invisibility;
                  | and the following spell memorised: Slow; and the following
                  | spells available to memorise: Inner Flame.
     0 | D:1      | Reached XP level 1. HP: 13/13 MP: 4/4
   143 | D:1      | Reached XP level 2. HP: 15/19 MP: 5/5
   405 | D:1      | Reached XP level 3. HP: 25/25 MP: 7/7
   971 | D:2      | Reached skill level 1 in Invocations
  1363 | D:2      | Reached skill level 1 in Fighting
  1363 | D:2      | Reached skill level 1 in Short Blades
  1363 | D:2      | Reached skill level 1 in Long Blades
  1363 | D:2      | Reached skill level 1 in Axes
  1363 | D:2      | Reached skill level 1 in Maces & Flails
  1363 | D:2      | Reached skill level 1 in Polearms
  1363 | D:2      | Reached skill level 1 in Ranged Weapons
  1363 | D:2      | Reached skill level 1 in Throwing
  1363 | D:2      | Reached skill level 1 in Dodging
  1363 | D:2      | Reached skill level 1 in Shields
  1363 | D:2      | Reached skill level 1 in Unarmed Combat
  1363 | D:2      | Reached skill level 1 in Evocations
  1391 | D:2      | Found Fuvukia's Armour Emporium.
  1401 | D:2      | Reached XP level 4. HP: 32/32 MP: 8/8
  1405 | D:2      | Bought a +0 pair of gloves for 63 gold pieces
  1510 | D:2      | Reached skill level 1 in Shapeshifting
  1621 | D:3      | Noticed Ijyb
  1644 | D:3      | Killed Ijyb
  1645 | D:3      | Reached skill level 1 in Conjurations
  1645 | D:3      | Reached skill level 1 in Summonings
  1645 | D:3      | Reached skill level 1 in Necromancy
  1645 | D:3      | Reached skill level 1 in Translocations
  1645 | D:3      | Reached skill level 1 in Transmutations
  1645 | D:3      | Reached skill level 1 in Fire Magic
  1645 | D:3      | Reached skill level 1 in Ice Magic
  1645 | D:3      | Reached skill level 1 in Air Magic
  1645 | D:3      | Reached skill level 1 in Earth Magic
  1645 | D:3      | Reached skill level 1 in Poison Magic
  1755 | D:3      | Reached XP level 5. HP: 37/37 MP: 9/9
  1840 | D:3      | Found a runed translucent door.
  1840 | D:3      | Noticed jestert79's ghost (amateur DjHW)
  2020 | D:3      | Found a glowing drain.
  2084 | Sewer    | Entered a sewer
  2140 | Sewer    | Noticed Pargi
  2151 | Sewer    | Killed Pargi
  2152 | Sewer    | Reached XP level 6. HP: 36/44 MP: 9/11
  2456 | D:3      | Found a shadowy altar of Dithmenos.
  2623 | D:3      | Found a runed translucent door.
  2852 | D:4      | Noticed a black bear
  2855 | D:4      | Killed a black bear
  2856 | D:4      | Reached skill level 5 in Armour
  3003 | D:4      | Noticed an ice beast
  3109 | D:4      | Killed an ice beast
  3110 | D:4      | Reached XP level 7. HP: 51/51 MP: 12/12
  3114 | D:4      | Learned a level 3 spell: Call Canine Familiar
  3150 | D:4      | HP: 2/51 [orc/+0 short sword (4)]
  3150 | D:4      | Slain by an orc wizard

Illustrated notes

Levels and vault maps discovered:
D:1:      lightli_arrival_boilingwater, layout_loops_ring,
          chequers_serial_rivers_micro_d, minmay_tiny_reverse_x
D:2:      layout_loops_corners, serial_shops, shop
D:3:      layout_basic, mainiacjoe_overflow_concentric_impassable,
          ebering_ghost_sewer_f, cheibrodos_sewer_entry_bend,
          minmay_misc_feat_tiny, roderic_lattice_a, uniq_ijyb
D:4:      minmay_chambers_of_twos, layout_rooms

Skill      XL: |  1  2  3  4  5  6 |
---------------+-------------------+-----
Invocations    | 1 2 |  2.6
Fighting       | 1 2 |  2.3
Short Blades   | 1 2 |  2.3
Long Blades    | 1 2 |  2.3
Axes           | 1 2 |  2.3
Maces & Flails | 1 2 |  2.3
Polearms       | 1 2 |  2.3
Ranged Weapons | 1 2 |  2.3
Throwing       | 1 2 |  2.3
Dodging        | 1 2 |  2.3
Shields        | 1 2 |  2.3
Unarmed Combat | 1 2 |  2.3
Evocations     | 1 2 |  2.3
Shapeshifting  | 1 2 |  2.1
Spellcasting   | 3 |  3.7
Conjurations   | 1 |  1.9
Summonings     | 1 |  1.9
Necromancy     | 1 |  1.9
Translocations | 1 |  1.9
Transmutations | 1 |  1.9
Fire Magic     | 1 |  1.9
Ice Magic      | 1 |  1.9
Air Magic      | 1 |  1.9
Earth Magic    | 1 |  1.9
Poison Magic   | 1 |  1.9
Stealth        | 3 |  3.3
Hexes          | 4 |  4.2
Armour         | 5 |  5.2
Staves         | |  8.9

Action                     |  1- 3 |  4- 6 |  7- 9 || total
---------------------------+-------+-------+-------++-------
  Melee: Quarterstaff      |   109 |   130 |    25 ||   264
         Bite              |     6 |     5 |     1 ||    12
   Cast: Slow              |       |     1 |       ||     1
  Evoke: Wand              |       |     2 |       ||     2
    Use: Scroll            |       |     6 |       ||     6
         Potion            |       |     1 |       ||     1
   Stab: Invisible         |       |     3 |       ||     3
 Armour: Scale mail        |    66 |    68 |    45 ||   179
  Dodge: Dodged            |    37 |    49 |    14 ||   100

Table legend: (Time is in decaauts)
 A = Elapsed time spent in this place.
 B = Non-inter-level travel time spent in this place.
 C = Inter-level travel time spent in this place.
 D = Time resting spent in this place.
 E = Time spent auto-exploring this place.
 F = Levels seen in this place.
 G = Mean time per level.
                   A        B        C        D        E       F      G
               +--------+--------+--------+--------+--------+-----+--------+
         Total |   3130 |   2968 |    162 |    146 |   1840 |   5 |  626.0 |
       Dungeon |   2936 |   2774 |    162 |    141 |   1782 |   4 |  734.0 |
         Sewer |    194 |    194 |      0 |      5 |     58 |   1 |  194.0 |
               +--------+--------+--------+--------+--------+-----+--------+

Top non-repeatable levels by time:
     D:2: 946 daAuts
     D:3: 939 daAuts
     D:1: 761 daAuts
     D:4: 289 daAuts
   Sewer: 194 daAuts
